 Dungeon Crawl Stone Soup version 0.24.0-37-gcf1ca852f1 (webtiles) character file.

Game seed: 5142398344658083449, levelgen mode: deterministic

32 Kobolds4U the Conjurer (level 3, 0/29 HPs)
             Began as a Draconian Conjurer on Nov 24, 2019.
             Killed from afar by Natasha (6 damage)
             ... with a magic dart
             ... on level 1 of the Dungeon.
             The game lasted 00:02:30 (1166 turns).

Kobolds4U the Conjurer (Draconian Conjurer)         Turns: 1166, Time: 00:02:30

Health: 0/29       AC:  5    Str: 10    XL:     3   Next: 10%
Magic:  3/6        EV: 27    Int: 15    God:
Gold:   45         SH:  0    Dex: 12    Spells: 5/6 levels left

rFire    . . .     SeeInvis .   a - +0 dagger
rCold    . . .     Gourm    .   (no shield)
rNeg     . . .     Faith    .   (armour unavailable)
rPois    .         Spirit   .   (helmet restricted)
rElec    .         Reflect  .   (no cloak)
rCorr    .         Harm     .   (no gloves)
MR       .....                  (no boots)
Stlth    ++........             c - amulet of the acrobat
HPRegen  0.09/turn              (no ring)
MPRegen  0.10/turn              (no ring)

@: acrobat
A: unfitting armour, cold-blooded, AC +5
a: no special abilities


You were on level 1 of the Dungeon.
You were hungry.

You visited 1 branch of the dungeon, and saw 2 of its levels.

You collected 45 gold pieces.

Inventory:

Hand Weapons
 a - a +0 dagger (weapon)
 f - a +0 short sword
 k - a +2 dagger of protection
Jewellery
 c - an amulet of the acrobat (around neck)
Scrolls
 d - a scroll of amnesia {unknown}
 h - 3 scrolls of identify {unknown}
 i - a scroll of random uselessness {unknown}
 j - a scroll of teleportation {unknown}
Potions
 e - a potion of invisibility {unknown}
 g - 2 potions of curing {unknown}
Comestibles
 b - 3 rations


   Skills:
 - Level 2.0 Fighting
 * Level 2.0 Short Blades
 - Level 1.7 Dodging
 - Level 1.7 Stealth
 - Level 2.0 Spellcasting
 - Level 4.0 Conjurations


You had 5 spell levels left.
You knew the following spells:

 Your Spells              Type           Power        Failure   Level  Hunger
a - Magic Dart            Conj           ##..         4%          1    #......

Your spell library contained the following spells:

 Spells                   Type           Power        Failure   Level  Hunger
 Searing Ray              Conj           ##....       6%          2    ###....
 Dazzling Spray           Conj/Hex       #.....       28%         3    ###....
 Iskenderun's Mystic Bla  Conj           ##......     38%         4    #####..
 Force Lance              Conj/Tloc      #.......     67%         4    #####..
 Fulminant Prism          Conj/Hex       #.........   67%         4    #####..


Dungeon Overview and Level Annotations

Branches:
Dungeon (2/15)

Altars:

Annotations:
D:1 Natasha


Innate Abilities, Weirdness & Mutations

Your plain brown scales are hard. (AC +5)
You cannot fit into any form of body armour.
You are cold-blooded and may be slowed by cold attacks.


Message History

You barely miss the leopard gecko.
The leopard gecko is almost dead.
Natasha barely misses you. The leopard gecko barely misses you.
You hit the leopard gecko.
You kill the leopard gecko!
Your Short Blades skill increases to level 2!
Natasha claws you.
Natasha mumbles some strange words.
You feel troubled. Natasha casts a spell at you. The magic dart hits you.
Natasha closely misses you.
Natasha stares at you and mumbles some strange words.
The magic dart hits you!
* * * LOW HITPOINT WARNING * * *
You are feeling hungry.
Natasha misses you. Natasha casts a spell at you. The magic dart hits you.
You die...

.###.#########....≈≈##.....#
...........................#
................###..#######
...#.#..............##
.#.....##..##......##
.###......###..#....#
###................##
...............#.#.##
...#...).......#@#..#
.........>.......##h###
................h.....#
..............).......#
......................#
...######....##.......####
...#......##..#..........##
####.########.#...........##
####.# #...#..........#


You could see Natasha.

Vanquished Creatures
  3 leopard geckos
  2 bats
  3 giant cockroaches (D:1)
  6 goblins
  3 hobgoblins (D:1)
  3 kobolds
  4 frilled lizards
  4 rats
28 creatures vanquished.

Notes
Turn   | Place    | Note
-------+----------+-------------------------------------------
     0 | D:1      | Kobolds4U the Draconian Conjurer began the quest for the
                  | Orb.
     0 | D:1      | Reached XP level 1. HP: 14/14 MP: 3/3
   136 | D:1      | Reached skill level 1 in Fighting
   198 | D:1      | Reached XP level 2. HP: 19/24 MP: 0/5
   513 | D:1      | Reached skill level 1 in Short Blades
  1127 | D:2      | Reached XP level 3. HP: 29/29 MP: 1/6
  1132 | D:2      | Noticed Natasha
  1166 | D:1      | Killed from afar by Natasha

Levels and vault maps discovered:
D:1:      kilobyte_arrival_exit_the_forest, layout_rooms,
          minmay_tree_intersection, minivault_4
D:2:      layout_rooms, first_ration, uniq_jessica, uniq_natasha

Skill      XL: |  1  2  3 |
---------------+----------+-----
Fighting       | 1 2 |  2.0
Short Blades   | 1 2 |  2.0
Dodging        | |  1.7
Stealth        | |  1.7
Spellcasting   | |  2.0
Conjurations   | |  4.0

Action                   || total
-------------------------++-------
Melee: Dagger            ||    41
       Tailslap          ||     3
 Cast: Magic Dart        ||    40
  Eat: Chunk             ||     1
Armor: Skin              ||    12
Dodge: Dodged            ||    41
